Map: Odyssey LE

Players

JagrsMullets - Winner!

  • Race: Protoss Protoss
  • Spawn Location: 11:00

A.I. 1 (Harder)

  • Race: Zerg Zerg
  • Spawn Location: 5:00

VOD

Have the link to the VOD?

Description

Time

  • Played on: Dec. 23, 2017, 3:11 p.m.
  • Length: 30:11
Show
View Real Time Build Order
Export as new Build Order

JagrsMullets Protoss - Winner!

Build Orders:  

Get SALT Encoding   

  12  0:02  Probe (Chrono Boost)  
  13  0:13  Probe (Chrono Boost)  
  14  0:19  Probe  
  15  0:24  Pylon  
  15  0:34  Assimilator  
  15  0:42  Assimilator, Probe  
  16  0:54  Probe  
  17  0:59  Forge  
  17  1:05  Pylon  
  17  1:16  Gateway  
  17  1:25  Probe (Chrono Boost)  
  18  1:36  Probe (Chrono Boost)  
  19  1:41  Photon Cannon, Probe (Chrono Boost)  
  20  1:53  Photon Cannon  
  20  2:09  Cybernetics Core  
  20  2:20  Pylon  
  20  2:26  Pylon  
  20  2:28  Zealot (Chrono Boost)  
  22  2:36  Probe  
  23  2:48  Probe  
  23  2:51  Photon Cannon  
  24  2:57  Zealot  
  26  3:02  Probe  
  27  3:15  Photon Cannon  
  27  3:24  Stalker  
  29  3:27  Warp Gate  
  29  3:41  Stargate  
  29  3:47  Pylon  
  29  4:09  Twilight Council  
  29  4:21  Gateway  
  29  4:34  Fleet Beacon  
  29  4:37  Stalker  
  31  4:44  Blink (Chrono Boost)  
  25  5:35  Probe (Chrono Boost)  
  24  5:44  Adept  
  24  5:45  Adept  
  28  5:50  Void Ray  
  32  6:03  Photon Cannon  
  32  6:05  Photon Cannon  
  32  6:07  Photon Cannon  
  32  6:14  Photon Cannon  
  32  6:17  Photon Cannon  
  32  6:20  Photon Cannon  
  32  6:37  Mothership (Chrono Boost)  
  40  6:49  Pylon  
  40  7:00  Stalker  
  42  7:06  Stalker  
  44  7:30  Gateway  
  44  7:33  Gateway  
  44  7:40  Stargate  
  44  8:05  Nexus  
  44  8:23  Probe (Chrono Boost)  
  45  8:27  Probe (Chrono Boost)  
  46  8:37  Assimilator  
  46  8:40  Assimilator  
  46  9:02  Pylon  
  46  9:07  Pylon  
  46  9:08  Probe (Chrono Boost)  
  48  9:18  Probe (Chrono Boost)  
  48  9:23  Probe (Chrono Boost)  
  49  9:36  Probe (Chrono Boost)  
  51  9:39  Probe (Chrono Boost)  
  52  9:46  Probe (Chrono Boost)  
  52  9:49  Probe (Chrono Boost)  
  52  9:51  Probe (Chrono Boost)  
  53  9:58  Probe  
  55  10:02  Probe  
  55  10:04  Photon Cannon  
  56  10:11  Probe  
  57  10:14  Probe  
  57  10:23  Probe  
  58  10:31  Carrier x2 (Chrono Boost)  
  69  11:03  Stalker x2  
  73  11:07  Stalker  
  75  11:11  Stalker  
  77  11:37  Protoss Air Armor Level 1  
  77  11:45  Zealot x2  
  77  11:46  Zealot  
  83  11:47  Zealot  
  83  11:49  Carrier  
  91  12:01  Charge  
  91  12:27  Pylon  
  91  12:39  Nexus  
  91  12:43  Assimilator  
  91  12:44  Carrier  
  91  12:45  Assimilator  
  97  12:55  Pylon  
  97  12:57  Pylon  
  97  12:59  Pylon  
  97  13:01  Protoss Shields Level 1 (Chrono Boost)  
  97  13:15  Carrier  
  83  13:41  Resonating Glaives  
  83  13:50  Pylon  
  83  13:59  Shield Battery  
  83  14:04  Zealot x2  
  83  14:05  Zealot x2  
  91  14:14  Probe (Chrono Boost)  
  93  14:25  Probe (Chrono Boost)  
  93  14:30  Probe (Chrono Boost)  
  94  14:44  Probe (Chrono Boost)  
  95  14:46  Probe (Chrono Boost)  
  96  14:57  Probe (Chrono Boost)  
  96  14:58  Carrier x2 (Chrono Boost)  
  97  15:03  Protoss Air Weapons Level 1  
  97  15:06  Protoss Ground Armor Level 1  
  109  15:07  Graviton Catapult  
  109  15:26  Stalker  
  111  15:31  Stalker  
  113  16:08  Carrier (Chrono Boost)  
  125  16:12  Carrier (Chrono Boost)  
  125  16:19  Robotics Facility  
  102  16:43  Probe (Chrono Boost)  
  103  16:53  Probe (Chrono Boost)  
  104  16:57  Probe (Chrono Boost)  
  104  17:00  Protoss Shields Level 2  
  105  17:09  Probe (Chrono Boost)  
  105  17:14  Probe (Chrono Boost)  
  107  17:20  Probe (Chrono Boost)  
  109  17:23  Probe (Chrono Boost)  
  109  17:24  Probe (Chrono Boost)  
  110  17:30  Carrier (Chrono Boost)  
  110  17:35  Probe  
  110  17:36  Carrier (Chrono Boost)  
  123  17:37  Observer  
  123  17:44  Robotics Bay  
  124  17:50  Stalker x2  
  124  17:51  Stalker  
  130  17:52  Stalker  
  132  17:58  Observer  
  132  18:04  Pylon  
  133  18:06  Pylon  
  133  18:07  Pylon  
  133  18:08  Pylon  
  133  18:10  Pylon  
  133  18:11  Pylon  
  134  18:20  Protoss Air Weapons Level 2, Observer  
  134  18:32  Stargate  
  134  18:33  Stargate  
  135  18:41  Observer  
  135  18:49  Observer Gravitic Boosters (Chrono Boost)  
  135  19:02  Colossus  
  141  19:16  Protoss Ground Weapons Level 1  
  128  19:55  Colossus  
  134  20:24  Phoenix x2  
  134  20:25  Phoenix x2  
  142  20:36  Protoss Air Armor Level 2  
  142  20:47  Zealot  
  142  20:48  Phoenix, Zealot x2  
  142  20:49  Phoenix, Colossus  
  158  20:50  Phoenix x2  
  158  20:52  Zealot  
  164  21:08  Extended Thermal Lance (Chrono Boost)  
  164  21:39  Zealot x2  
  168  21:40  Zealot x2  
  168  21:42  Colossus  
  178  22:24  Carrier  
  184  22:42  Carrier  
  189  22:46  Carrier  
  189  22:48  Carrier, Colossus  
  166  23:18  Nexus  
  166  23:41  Colossus  
  147  25:50  Stalker x4  
  147  25:56  Carrier x3  
  173  26:20  Stalker x4  
  181  26:50  Stalker x3  
  180  27:52  Carrier  
Show
View Real Time Build Order
Export as new Build Order

A.I. 1 (Harder) Zerg 

Build Orders: Pool First, Muta Ling Bane, Zergling Baneling 

Get SALT Encoding   

  12  0:00  Drone  
  13  0:12  Overlord  
  13  0:17  Drone  
  14  0:30  Drone x2  
  16  0:42  Spawning Pool  
  15  0:45  Drone  
  15  0:49  Drone  
  17  0:53  Extractor  
  17  0:55  Drone  
  17  1:06  Overlord  
  17  1:29  Queen  
  17  1:31  Zergling x4  
  21  1:36  Roach Warren  
  21  1:38  Drone  
  21  1:41  Extractor  
  20  1:49  Drone  
  20  1:51  Baneling Nest  
  20  1:59  Drone  
  21  2:10  Drone  
  22  2:21  Zergling x2  
  23  2:32  Drone  
  23  2:35  Baneling x3  
  23  2:36  Overlord, Zergling x4, Baneling  
  26  2:43  Zergling x2  
  27  2:54  Drone  
  27  2:56  Metabolic Boost  
  28  3:05  Zergling x2  
  29  3:07  Zergling x4  
  29  3:09  Zergling x2  
  32  3:17  Overlord  
  32  3:26  Baneling  
  32  3:27  Zergling x2  
  32  3:28  Baneling  
  32  3:33  Baneling  
  33  3:38  Zergling x2, Baneling  
  33  3:39  Drone, Zergling x2  
  36  3:42  Drone  
  37  3:50  Drone  
  38  3:57  Evolution Chamber  
  38  4:00  Drone  
  38  4:11  Overlord, Drone x2  
  38  4:13  Drone  
  41  4:24  Lair  
  41  4:59  Zerg Melee Weapons Level 1  
  36  5:14  Baneling  
  32  5:25  Zergling x2  
  32  5:26  Spire, Drone  
  33  5:30  Zergling x2  
  33  5:35  Zergling x2  
  34  5:50  Zergling x2  
  34  5:55  Baneling  
  35  6:10  Burrow  
  35  6:15  Zergling x2, Baneling  
  36  6:20  Baneling  
  36  6:22  Spore Crawler  
  35  6:26  Hatchery  
  35  6:27  Drone  
  35  6:37  Mutalisk  
  37  6:42  Mutalisk  
  37  6:46  Centrifical Hooks  
  39  6:47  Mutalisk  
  39  6:53  Zerg Ground Armor Level 1  
  41  6:55  Spore Crawler  
  40  7:05  Mutalisk  
  42  7:20  Spine Crawler, Drone  
  42  7:21  Queen  
  42  7:22  Spine Crawler  
  43  7:23  Drone  
  43  7:24  Mutalisk  
  46  7:39  Drone  
  46  7:40  Drone x4  
  46  7:41  Drone x2  
  46  7:43  Drone  
  54  7:46  Extractor  
  54  7:47  Spore Crawler  
  54  7:48  Spore Crawler  
  54  7:49  Drone  
  52  7:53  Drone  
  52  7:55  Drone  
  54  8:01  Overlord  
  54  8:04  Drone  
  55  8:06  Drone  
  55  8:08  Drone  
  55  8:10  Drone  
  58  8:16  Drone  
  59  8:22  Infestation Pit  
  58  8:40  Corruptor  
  60  8:42  Evolution Chamber  
  60  8:48  Zerg Missile Weapons Level 1  
  56  8:52  Hatchery  
  55  9:00  Hive  
  55  9:19  Extractor  
  55  9:21  Overseer  
  54  9:50  Infestor  
  56  9:56  Overseer  
  56  9:59  Pneumatized Carapace  
  56  10:13  Overseer  
  56  10:17  Extractor, Greater Spire  
  56  10:18  Extractor  
  56  10:19  Drone  
  55  10:24  Drone  
  55  10:28  Drone  
  57  10:39  Drone  
  57  10:41  Overlord, Drone x3  
  61  10:59  Overlord  
  61  11:08  Corruptor, Overseer  
  63  11:17  Corruptor  
  63  11:18  Drone x3, Overlord  
  67  11:19  Drone  
  69  11:26  Infestor  
  71  11:33  Zerg Melee Weapons Level 2  
  71  11:36  Drone x2, Overlord, Brood Lord  
  71  11:37  Drone  
  71  11:38  Drone  
  71  11:39  Corruptor  
  78  11:40  Drone  
  78  11:41  Drone  
  81  11:49  Brood Lord  
  81  11:53  Corruptor  
  83  11:54  Drone, Overlord  
  83  11:56  Drone  
  83  11:57  Drone  
  83  12:00  Drone  
  89  12:02  Drone  
  89  12:03  Brood Lord, Drone  
  93  12:11  Corruptor  
  93  12:12  Drone  
  93  12:14  Overlord  
  96  12:17  Roach  
  96  12:21  Roach  
  100  12:26  Roach  
  102  12:32  Roach  
  102  12:33  Overlord  
  102  12:35  Hydralisk Den  
  102  12:36  Roach  
  105  12:40  Roach  
  105  12:43  Brood Lord  
  109  12:51  Roach, Overlord  
  109  12:55  Roach  
  113  13:00  Overseer  
  113  13:10  Roach, Overlord  
  112  13:13  Roach  
  112  13:17  Roach  
  105  13:21  Roach  
  105  13:24  Hydralisk  
  103  13:27  Hydralisk  
  103  13:28  Overlord  
  103  13:30  Drone, Viper  
  103  13:31  Hydralisk, Drone  
  103  13:32  Drone  
  101  13:35  Infestor, Overseer  
  101  13:40  Overlord  
  102  13:54  Zerg Ground Armor Level 2  
  102  13:58  Hydralisk, Overlord  
  102  14:00  Overseer  
  102  14:01  Zerg Missile Weapons Level 2  
  104  14:11  Pathogen Glands  
  104  14:16  Glial Reconstitution, Overlord, Zergling x2  
  105  14:19  Hydralisk  
  105  14:23  Infestor, Zerg Flyer Weapons Level 1  
  109  14:27  Infestor  
  109  14:30  Infestor  
  113  14:34  Hydralisk, Overlord  
  113  14:35  Drone x3  
  113  14:38  Brood Lord  
  120  14:53  Overlord  
  120  15:07  Neural Parasite  
  120  15:14  Spine Crawler  
  120  15:16  Drone  
  120  15:17  Spine Crawler  
  120  15:18  Drone  
  120  15:22  Spore Crawler  
  120  15:23  Drone  
  120  15:24  Spore Crawler  
  120  15:25  Drone  
  120  15:27  Hatchery  
  119  15:28  Drone  
  120  15:36  Overlord, Overseer  
  120  15:41  Tunneling Claws  
  120  15:44  Queen  
  120  15:47  Swarm Host  
  127  15:50  Roach  
  127  15:52  Roach  
  127  15:54  Roach, Overlord  
  131  16:09  Overseer  
  131  16:10  Zerg Melee Weapons Level 3  
  131  16:11  Spine Crawler, Hydralisk  
  130  16:12  Overlord  
  130  16:13  Hydralisk  
  130  16:14  Spine Crawler  
  130  16:17  Zerg Flyer Armor Level 1, Zerg Ground Armor Level 3  
  133  16:22  Overseer  
  133  16:29  Zergling x2  
  133  16:31  Hydralisk  
  133  16:32  Overlord  
  125  16:33  Hydralisk  
  125  16:38  Hydralisk  
  127  16:47  Extractor  
  127  16:49  Hydralisk, Overlord  
  127  16:50  Spore Crawler  
  127  16:51  Hydralisk  
  127  16:53  Spore Crawler, Swarm Host  
  128  16:56  Drone, Hydralisk, Extractor  
  128  16:58  Roach  
  135  17:07  Queen  
  135  17:08  Overlord, Drone x3, Queen  
  138  17:09  Drone  
  143  17:19  Spine Crawler, Drone  
  143  17:22  Spine Crawler, Drone  
  143  17:26  Drone, Overlord  
  144  17:46  Overlord  
  144  18:11  Zerg Flyer Weapons Level 2  
  144  18:17  Ultralisk Cavern  
  144  18:19  Drone  
  144  18:34  Spire  
  143  18:35  Drone  
  144  18:47  Zerg Missile Weapons Level 3  
  144  19:03  Overlord  
  144  19:04  Ultralisk  
  144  19:09  Ultralisk  
  156  19:14  Ultralisk  
  162  19:22  Ultralisk, Overlord  
  168  19:27  Ultralisk  
  168  19:28  Chitinous Plating  
  174  19:40  Ultralisk, Overlord  
  174  19:45  Ultralisk  
  181  19:46  Zerg Flyer Armor Level 2  
  181  19:52  Zergling x2  
  164  19:58  Overlord  
  154  20:03  Hydralisk  
  156  20:08  Hydralisk, Overseer  
  156  20:13  Hydralisk  
  160  20:18  Hydralisk, Overlord  
  162  20:23  Hydralisk  
  164  20:28  Hydralisk  
  164  20:30  Zerg Flyer Weapons Level 3, Hatchery  
  164  20:32  Drone  
  166  20:37  Overlord  
  166  20:56  Overlord  
  166  21:44  Queen  
  168  21:54  Overseer  
  168  21:55  Overlord  
  168  21:56  Extractor  
  168  21:57  Drone  
  168  21:58  Spore Crawler  
  168  21:59  Drone  
  168  22:00  Spore Crawler  
  168  22:01  Drone x2, Extractor  
  167  22:03  Zerg Flyer Armor Level 3  
  168  22:14  Overlord, Overseer  
  168  22:19  Infestor, Viper  
  168  22:22  Infestor  
  175  22:24  Infestor  
  175  22:25  Spine Crawler  
  175  22:26  Spine Crawler, Drone  
  175  22:27  Infestor  
  175  22:28  Drone  
  179  22:30  Infestor  
  179  22:33  Infestor, Overlord  
  179  22:36  Infestor  
  185  22:46  Roach, Overseer  
  185  22:48  Infestor  
  185  22:50  Viper  
  169  22:51  Hydralisk  
  169  22:52  Overlord  
  169  22:55  Zergling x2  
  169  22:58  Roach  
  166  23:00  Hydralisk  
  166  23:03  Hydralisk  
  170  23:07  Roach  
  170  23:09  Hydralisk  
  170  23:12  Infestor, Overlord  
  174  23:15  Infestor  
  174  23:18  Infestor  
  178  23:31  Overlord  
  178  24:00  Ultralisk  
  178  24:12  Ultralisk x2, Overlord, Overseer  
  178  24:14  Queen  
  176  24:17  Queen  
  176  24:19  Drone x2  
  176  24:20  Spine Crawler, Overseer  
  176  24:21  Drone x2  
  177  24:24  Drone  
  177  24:27  Drone  
  177  24:28  Drone x2  
  177  24:29  Infestor  
  167  24:32  Infestor, Overlord  
  167  24:33  Drone  
  167  24:35  Hydralisk, Viper  
  167  24:36  Drone  
  150  24:38  Drone  
  150  24:39  Roach  
  150  24:41  Infestor  
  150  24:44  Hydralisk  
  141  24:47  Hydralisk  
  141  24:50  Infestor, Overlord  
  141  24:52  Overseer  
  144  24:53  Roach  
  144  24:56  Hydralisk, Overseer  
  144  24:59  Infestor  
  148  25:01  Overseer  
  148  25:02  Infestor, Ultralisk x6  
  148  25:05  Roach  
  151  25:08  Zergling x2  
  151  25:10  Overlord  
  151  25:11  Roach  
  145  25:14  Roach  
  145  25:15  Overseer  
  145  25:18  Overlord  
  138  25:23  Overseer  
  138  25:24  Roach  
  138  25:26  Overlord  
  135  25:33  Roach  
  122  25:36  Hydralisk  
  122  25:40  Hydralisk  
  122  25:41  Zergling x2  
  120  25:44  Overlord, Zergling x4  
  120  25:45  Zergling x2  
  120  25:48  Zergling x2  
  120  25:49  Hydralisk  
  113  25:59  Zergling x2  
  113  26:02  Overlord, Zergling x4  
  113  26:03  Roach  
  116  26:06  Hatchery  
  112  26:11  Zergling x2  
  112  26:12  Zergling x2  
  112  26:13  Zergling x2, Mutalisk  
  112  26:17  Extractor  
  107  26:29  Overlord  
  92  26:35  Extractor  
  92  26:36  Hatchery, Zergling x4  
  92  26:37  Zergling x4  
  92  26:38  Zergling x4  
  76  26:46  Roach  
  57  26:55  Overlord, Zergling x4  
  57  26:56  Zergling x2  
  55  27:08  Overlord  
  55  27:11  Overlord x3  
  55  27:13  Evolution Chamber  
  51  27:16  Spawning Pool, Overlord  
  51  27:19  Evolution Chamber  
  44  27:28  Overlord  
  41  27:30  Overlord  
  41  27:31  Hatchery  
  41  27:36  Overlord  
  33  27:45  Evolution Chamber  
  33  27:48  Drone  
  33  27:49  Drone x3  
  34  27:53  Drone  
  34  27:54  Drone x3  
  34  27:55  Overlord, Drone x3, Hatchery  
  34  27:56  Drone x3  
  34  27:57  Drone  
  42  27:59  Drone x2  
  42  28:04  Extractor  
  38  28:09  Overlord, Extractor  
  38  28:10  Evolution Chamber  
  30  28:14  Extractor  
  29  28:29  Overlord  
  29  28:38  Overlord  
  29  28:44  Overlord  
  29  28:45  Spawning Pool  
  28  29:03  Overlord  
  28  29:06  Hatchery  
  28  29:07  Drone  
  28  29:08  Drone, Evolution Chamber  
  28  29:18  Overlord  
  28  29:19  Spawning Pool  
  28  29:23  Overlord  
  27  29:32  Overlord  
  27  29:42  Drone  
  27  29:45  Overlord  
Tags
 
Add a new tag
Caveats
  • Supply blocks, unpowered buildings, or Contaminate may cause inaccurate times.
  • Supply counts are checked every 10 seconds.